 Dungeon Crawl Stone Soup version 0.31-a0-1447-g87ca8d402b (webtiles) character file.

Game seed: 5613210728624786493

485 inmateoo the Poker (level 6, -1/48 HPs)
             Began as a Demonspawn Gladiator on Dec 27, 2023.
             Killed from afar by an orc wizard (4 damage)
             ... with a magic dart
             ... on level 4 of the Dungeon.
             The game lasted 00:02:27 (2735 turns).

inmateoo the Poker (Demonspawn Gladiator)           Turns: 2735, Time: 00:02:28

Health: -1/48      AC:  5    Str: 16    XL:     6   Next: 88%
Magic:  6/6        EV: 13    Int:  9    God:
Gold:   203        SH:  0    Dex: 14    Spells: 5/5 levels left

rFire   . . .        a - +1 trident
rCold   . . .        (no shield)
rNeg    . . .        b - +0 leather armour
rPois   .            c - +1 helmet
rElec   .            (no cloak)
rCorr   .            (no gloves)
SInv    .            (no boots)
Will    .....        i - amulet of magic regeneration
Stlth   +            (no ring)
HPRegen 0.28/turn    (no ring)
MPRegen 0.50/turn

%: no passive effects
@: mighty
A: powered by pain 2
a: no special abilities


You were on level 4 of the Dungeon.
You visited 1 branch of the dungeon, and saw 4 of its levels.

You collected 203 gold pieces.

Inventory:

Hand Weapons
 a - a +1 trident (weapon)
Missiles
 d - 3 throwing nets (quivered)
 e - 4 javelins
Armour
 b - a +0 leather armour (worn)
 c - a +1 helmet (worn)
Jewellery
 g - a +6 ring of strength
 i - an amulet of magic regeneration (around neck)
Scrolls
 k - a scroll of amnesia
 m - 2 scrolls of identify
Potions
 f - a potion of berserk rage {unknown}
 h - a potion of resistance
 j - a potion of attraction
 l - 4 potions of curing
 n - 2 potions of enlightenment {unknown}
 p - a potion of might {unknown}
 r - a potion of degeneration {unknown}


   Skills:
 + Level 3.8 Fighting
 * Level 4.9 Polearms
 - Level 1.7 Throwing
 + Level 2.6 Armour
 + Level 4.0 Dodging


You had 5 spell levels left.
You didn't know any spells.
Your spell library contained the following spells:

 Spells                   Type           Power      Damage    Failure   Level
 Sandblast                Erth           0%         2d4       43%         1
 Passwall                 Erth           0%         N/A       82%         3
 Stone Arrow              Conj/Erth      0%         3d7       82%         3
 Brom's Barrelling Bould  Conj/Erth      0%         2d3       99%         4


Dungeon Overview and Level Annotations

Branches:
Dungeon (4/15)
 Temple: D:4-7

Altars:
Makhleb
Ru


Innate Abilities, Weirdness & Mutations

You sometimes gain power by taking damage.


Message History

You closely miss the orc priest.
The orc priest is severely wounded.
A giant cockroach comes into view.
The orc priest calls down the wrath of Beogh upon you.
Beogh smites you!
* * * LOW HITPOINT WARNING * * *
You focus on the pain.
You feel very mighty all of a sudden. Something hits you but does no damage.
You barely miss the orc priest.
The orc priest is severely wounded.
Something hits you but does no damage.
The orc priest hits you but does no damage.
You barely miss the orc priest.
The orc priest is severely wounded.
You hear some strange, mumbled words.
A magic dart appears from out of thin air!
The magic dart hits you.
* * * LOW HITPOINT WARNING * * *
The orc priest hits you but does no damage.
You closely miss the orc priest.
The orc priest is severely wounded.
Something hits you but does no damage.
The giant cockroach waves its antennae.
The orc priest closely misses you.
You closely miss the orc priest.
The orc priest is severely wounded.
The orc priest barely misses you. Something hits you.
* * * LOW HITPOINT WARNING * * *
You puncture the orc priest!
You kill the orc priest!
Something hits you.
* * * LOW HITPOINT WARNING * * *
The giant cockroach bites you but does no damage.
Your Dodging skill increases to level 4!
You barely miss something.
You hear some strange, mumbled words.
A magic dart appears from out of thin air!
The magic dart hits you.
You die...

........#
...........#...##
................# ###
......$........#######.#
...............#........
............>#.)........
#..........##.##.......
#....B.....#..#.....#..
#>.$@.......#.....##.
##.{#..........#.....
#..##........####...
##.###....)....###...
......................
..............#######.
..............#.....#.
.........##....#.≈≈≈.#.
.>.......##.#.+.≈...#.


You could see a giant cockroach.

Vanquished Creatures
  Sigmund (D:2)
  A phantom (D:4)
  A jelly (D:4)
  2 orc priests (D:4)
  4 gnolls (D:4)
  6 adders
  A worm (D:2)
  2 dart slugs (D:1)
  3 orcs
  6 endoplasms
  5 giant cockroaches
  2 goblins
  5 hobgoblins
  3 jackals (D:3)
  5 quokkas
  6 ball pythons
  5 bats
  6 frilled lizards
  7 kobolds
  3 rats
74 creatures vanquished.

Notes
Turn   | Place    | Note
-------+----------+-------------------------------------------
     0 | D:1      | inmateoo the Demonspawn Gladiator began the quest for the
                  | Orb.
     0 | D:1      | Reached XP level 1. HP: 16/16 MP: 1/1
   149 | D:1      | Gained mutation: You sometimes gain a little power by
                  | taking damage. [demonic ancestry]
   149 | D:1      | Reached XP level 2. HP: 16/22 MP: 2/2
   739 | D:1      | Reached XP level 3. HP: 26/28 MP: 3/3
  1105 | D:2      | Reached skill level 1 in Armour
  1438 | D:2      | Reached XP level 4. HP: 34/34 MP: 4/4
  1491 | D:2      | Noticed Sigmund
  1515 | D:2      | HP: 1/34 [something/magic dart (11)]
  1659 | D:2      | Killed Sigmund
  1660 | D:2      | Reached XP level 5. HP: 41/41 MP: 5/5
  1862 | D:3      | Found a sacrificial altar of Ru.
  1957 | D:3      | Found a burning altar of Makhleb.
  2354 | D:4      | Gained mutation: You sometimes gain power by taking damage.
                  | [demonic ancestry]
  2354 | D:4      | Reached XP level 6. HP: 37/47 MP: 6/6
  2735 | D:4      | Killed from afar by an orc wizard

Illustrated notes

Levels and vault maps discovered:
D:1:      lightli_arrival_lavapool, layout_loops_corners, st_stairs_13
D:2:      layout_rooms, minivault_11, st_stairs_13, hangedman_decor_lopped,
          kennysheep_donut, uniq_sigmund
D:3:      layout_basic, nicolae_ru_sacrificial_ziggurat,
          mainiacjoe_overflow_tiny_flanked, lightli_temple_of_fire
D:4:      layout_cave_pools, mainiacjoe_overflow_alcove_4,
          minmay_temple_entry_grid

Skill      XL: |  1  2  3  4  5  6 |
---------------+-------------------+-----
Polearms       | 3 4 |  4.9
Dodging        | 3 4 |  4.0
Armour         | 1 2 |  2.6
Fighting       | 3 |  3.8
Throwing       | |  1.7

Action                     |  1- 3 |  4- 6 || total
---------------------------+-------+-------++-------
  Melee: Trident           |   112 |   140 ||   252
         Punch             |     1 |       ||     1
    Use: Scroll            |     4 |     7 ||    11
   Stab: Sleeping          |     4 |     2 ||     6
 Armour: Leather armour    |    47 |    90 ||   137
  Dodge: Dodged            |    60 |    77 ||   137

Table legend: (Time is in decaauts)
 A = Elapsed time spent in this place.
 B = Non-inter-level travel time spent in this place.
 C = Inter-level travel time spent in this place.
 D = Time resting spent in this place.
 E = Time spent auto-exploring this place.
 F = Levels seen in this place.
 G = Mean time per level.
                   A        B        C        D        E       F      G
               +--------+--------+--------+--------+--------+-----+--------+
         Total |   2764 |   2736 |     28 |    465 |   1698 |   4 |  691.0 |
       Dungeon |   2764 |   2736 |     28 |    465 |   1698 |   4 |  691.0 |
               +--------+--------+--------+--------+--------+-----+--------+

Top non-repeatable levels by time:
     D:1: 1103 daAuts
     D:3: 719 daAuts
     D:2: 676 daAuts
     D:4: 265 daAuts
